 Dungeon Crawl Stone Soup version 0.27.0-1-g7a089689b8 (console) character file.

Game seed: 8707676581371077459

4 jejorda2 the Vexing (level 1, 0/16 HPs)
             Began as a Merfolk Arcane Marksman on Aug 2, 2021.
             Slain by an adder (2 damage)
             ... on level 2 of the Dungeon.
             The game lasted 00:01:26 (342 turns).

jejorda2 the Vexing (Merfolk Arcane Marksman)        Turns: 342, Time: 00:01:26

Health: 0/16       AC:  6    Str: 10    XL:     1   Next: 60%
Magic:  2/2        EV:  9    Int: 12    God:
Gold:   0          SH:  0    Dex: 14    Spells: 1/2 levels left

rFire    . . .     SeeInvis .   a - +0 dagger
rCold    . . .     Faith    .   (no shield)
rNeg     . . .     Spirit   .   h - +0 scale mail
rPois    .         Reflect  .   (no helmet)
rElec    .         Harm     .   (no cloak)
rCorr    .         Rampage  .   (no gloves)
Will     .....                  (no boots)
Stlth    ..........             (no amulet)
HPRegen  0.05/turn              (no ring)
MPRegen  0.08/turn              (no ring)

@: no status effects
A: (nimble swimmer 2), mertail
a: no special abilities


You were on level 2 of the Dungeon.
You visited 1 branch of the dungeon, and saw 2 of its levels.

Inventory:

Hand Weapons
 a - a +0 dagger (weapon)
 d - a +0 whip
Missiles
 b - 5 javelins (quivered)
 c - 2 throwing nets
Armour
 h - a +0 scale mail (worn)
Scrolls
 e - 2 scrolls of magic mapping {unknown}
Potions
 f - a potion of lignification {unknown}


   Skills:
 + Level 1.8 Fighting
 - Level 2.0 Throwing
 + Level 0.0 Armour
 - Level 2.6 Dodging
 - Level 1.0 Spellcasting
 - Level 3.0 Hexes


You had one spell level left.
You knew the following spells:

 Your Spells              Type           Power      Damage    Failure   Level
a - Corona                Hex            7%         N/A       54%         1

Your spell library contained the following spells:

 Spells                   Type           Power      Damage    Failure   Level
 Slow                     Hex            7%         N/A       67%         2
 Inner Flame              Hex/Fire       4%         N/A       98%         3
 Portal Projectile        Hex/Tloc       8%         N/A       98%         3
 Cause Fear               Hex            3%         N/A       99%         4


Dungeon Overview and Level Annotations

Branches:
Dungeon (1/15)

Altars:


Innate Abilities, Weirdness & Mutations

((You are quick and stealthy near water. (Stealth+, EV+, Speed+++)))
Your lower body shifts to a powerful aquatic tail in water.


Message History

You start removing your armour.
You continue taking off your +0 robe. x4
You finish taking off your +0 robe.
You start putting on your armour.
You continue putting on your +0 scale mail. x5
You finish putting on your +0 scale mail.
Drop what? 8/52 slots (_ for help) (? for menu, Esc to quit)
You drop a +0 robe.
An adder comes into view.
The adder bites you but does no damage.
You miss the adder. The adder bites you but does no damage.
You barely miss the adder. The adder bites you.
You hit the adder.
The adder is lightly wounded.
The adder bites you. x2
You are poisoned.
The adder poisons you!
You barely miss the adder.
The adder is lightly wounded.
You feel sick. The adder completely misses you.
You miss the adder.
The adder is lightly wounded.
You feel sick. The adder barely misses you.
You hit the adder but do no damage.
The adder is lightly wounded.
You feel sick. The adder bites you but does no damage.
You hit the adder.
The adder is heavily wounded.
You feel sick.
You are no longer poisoned.
The adder bites you.
* * * LOW HITPOINT WARNING * * *
The adder bites you.
* * * LOW HITPOINT WARNING * * *
You hit the adder.
The adder is severely wounded.
The adder barely misses you.
You miss the adder.
The adder is severely wounded.
The adder bites you.
You die...

#.....####### #............
#.......<..... ..
#..............# ..##
#....#.........#
.....###....#.........#
......................#
.....###....)........
......S@.......#...# #
...............#...# .#
...........[.......##.#
......................#
.......##...............#)
.....##.....####...#.............
.....##.....###............####..
..............#........###...(...
..............#........###.......


You could see an adder.

Vanquished Creatures
  A bat (D:2)
  A hobgoblin (D:2)
  A ball python (D:2)
  A frilled lizard (D:2)
4 creatures vanquished.

Notes
Turn   | Place    | Note
-------+----------+-------------------------------------------
     0 | D:1      | jejorda2 the Merfolk Arcane Marksman began the quest for
                  | the Orb.
     0 | D:1      | Reached XP level 1. HP: 15/15 MP: 2/2
    24 | D:1      | You fall into a shaft and drop 1 floor!
   342 | D:2      | Slain by an adder

Illustrated notes

Levels and vault maps discovered:
D:1:      dpeg_arrival_windows_large_door, layout_loops_ring,
          ebering_ecumenical_altar_hall, amethyst_killhole
D:2:      layout_basic

Action                   || total
-------------------------++-------
Melee: Whip              ||    11
       Dagger            ||    11
Armor: Robe              ||     5
       Scale mail        ||     3
Dodge: Dodged            ||    30
